[Event "25th Troya Open 2017"]
[Site "Canakkale"]
[Date "2017.08.11"]
[Round "8.5"]
[White "Alaz, Ahmet Efekan"]
[Black "Baltaci, Ismail Tarik"]
[Result "1/2-1/2"]
[ECO "B50"]
[WhiteElo "2048"]
[BlackElo "1946"]
[Annotator "NA"]
[PlyCount "160"]
[EventCountry "TUR"]
[SourceTitle "playchess.com"]
[Source "ChessBase"]
[SourceQuality "1"]
[TimeControl "5400+30"]

1. e4 c5 2. Nf3 d6 3. Bd3 g6 4. c3 Bg7 5. Bc2 Bg4 6. O-O Nc6 7. d3 Nf6 8. Nbd2 O-O 9. h3 Bxf3 10. Nxf3 {[%emt 0:00:30] LiveBook: 17 Games} Nd7 {[%emt 0:10:30] B50: Sicilian: 2...d6, Miscellaneous} (10... Rc8 11. Re1 Qc7 12. a3 b5 13. Bd2 Nd7 14. Qe2 a6 15. Rad1 Rb8 16. Bb1 e6 17. Be3 Nb6 18. Ba2 {1-0 (75) Noritsyn,N (2468)-Fishbein,A (2481) chess.com INT 2017}) 11. Be3 b5 12. Qd2 b4 13. Ba4 $146 ({Predecessor:} 13. Bh6 bxc3 14. bxc3 Qa5 15. Bxg7 Kxg7 16. Bb3 e6 17. Rfd1 Rad8 18. Rac1 {0-1 (61) Zinnai,G (2040)-Seletsky,G (2337) Napoli 2013}) 13... bxc3 14. bxc3 Qc7 15. Bh6 Rab8 16. Bxg7 Kxg7 17. Nh2 Rb6 18. f4 Rfb8 19. f5 (19. Ng4 $14) 19... Rb2 20. Qf4 f6 (20... Nf6 $11) 21. fxg6 hxg6 22. Ng4 Rh8 23. Ne3 Nde5 24. Nd5 Qd8 25. Qe3 Qc8 26. Qg3 Rh5 27. Rf2 Rg5 (27... Rxf2 $1 $11 28. Kxf2 Qb7) 28. Qe3 $1 Qb7 29. Nf4 Nd8 30. Bb3 Rxf2 31. Qxf2 c4 32. Bxc4 Nxc4 33. dxc4 Re5 34. Nd5 Ne6 35. Re1 Nc5 36. Qc2 f5 (36... Qa6 $17 37. Ne3 Qa4) 37. Rb1 Qd7 38. exf5 Rxf5 (38... Qxf5 $11 {keeps the balance.} 39. Qd1 Qe4) 39. Rf1 ({White should play} 39. Qd2 $16) 39... Qe6 40. Rxf5 gxf5 41. Qd2 Kf7 42. Qg5 Qe1+ 43. Kh2 Qe5+ 44. Qg3 Qe4 45. Nf4 Qe5 46. Qg6+ Kf8 47. g3 e6 {[%emt 0:01:15] [#]} (47... Qe4 $1 $11 {remains equal.}) 48. h4 $1 Ke7 $2 (48... Qxc3 $16 {is a better chance.} 49. Nxe6+ Nxe6) 49. h5 Qxc3 50. Qh7+ Kd8 51. h6 Qd2+ 52. Kh3 Qd1 53. Qg8+ Kc7 54. Qg7+ Kc6 55. Kh2 $2 (55. Kh4 $18) 55... Nd3 56. Nxd3 (56. Qg6 $5 Ne5 57. Qe8+ (57. Qxe6 Ng4+ 58. Kg2 Qc2+ 59. Ne2 Nxh6 $11) 57... Kb7 58. Qe7+ Kc6 59. Qe8+ (59. Qxa7 Ng4+ 60. Kg2 Qd2+ 61. Kf1 Nh2+ 62. Kg1 Nf3+ 63. Kf1 Nh2+ 64. Kg1 Nf3+ 65. Kf1 Nh2+ $11) 59... Kb7 60. Qxe6 Ng4+ 61. Kg2 Qd2+ 62. Qe2 Qxe2+ 63. Nxe2 Nxh6 $11 64. Nd4 $11) 56... Qe2+ $2 (56... Qxd3 $11 57. Qb2 Qe3) 57. Kg1 $2 (57. Kh3 $18 Qxd3 58. Kh4) 57... Qxd3 58. Qg5 Qd1+ 59. Kf2 Qc2+ 60. Ke1 Qc3+ 61. Kd1 Qd3+ 62. Qd2 Qb1+ 63. Ke2 Qe4+ 64. Kf2 Qh1 65. Qe3 (65. Qf4 $5 Qh2+ 66. Ke1 $11) 65... Qh2+ 66. Ke1 Qh1+ 67. Kd2 e5 68. Ke2 Qh2+ 69. Kd3 Qb2 70. Qd2 Qd4+ {[%emt 0:00:31] [#]} (70... Qa3+ $11 71. Ke2 Qxg3) 71. Kc2 $1 Qe4+ (71... Qg4 $1 $11) 72. Kb2 Qg4 73. Qd3 $11 (73. h7 $16 Qh5 74. Qd5+ Kc7 75. c5 Qxh7 76. Qxd6+ (76. cxd6+ Kb6 $14) 76... Kc8 77. Qxe5) 73... Qh5 74. Qd5+ Kc7 75. Qa5+ Kb7 76. Qd5+ Kc7 77. Qe6 Qe2+ 78. Kc3 Qe3+ 79. Kb2 Qd2+ 80. Kb3 Qd3+ 1/2-1/2

[Event "25th Troya Open 2017"]
[Site "Canakkale"]
[Date "2017.08.11"]
[Round "8.7"]
[White "Yanik, Murat"]
[Black "Karaahmetoglu, Ege"]
[Result "0-1"]
[ECO "C55"]
[WhiteElo "1875"]
[BlackElo "2086"]
[Annotator "NA RC"]
[PlyCount "106"]
[EventCountry "TUR"]
[SourceTitle "playchess.com"]
[Source "ChessBase"]
[SourceQuality "1"]
[TimeControl "5400+30"]

1. e4 e5 2. Nf3 Nc6 3. Bc4 Be7 4. c3 Nf6 5. d3 O-O 6. Bb3 h6 {[%emt 0:02:00] C55: Two Knights: 4 d3, 4 d4 exd4 5 e5 and Max Lange Attack} (6... d6 7. O-O Na5 8. Bc2 c5 9. d4 cxd4 10. cxd4 Nc6 11. d5 Nb4 12. Bb3 a5 13. a3 Na6 14. Bc2 Bd7 15. Bd2 a4 16. Re1 b5 {0-1 (48) Tiviakov,S (2639)-Nikolic,P (2601) Leiden 2015}) 7. h3 d5 8. Qe2 Re8 9. Nbd2 Be6 10. Bc2 $146 ({Predecessor:} 10. Ba4 Bd6 11. Nf1 Rb8 12. Bxc6 bxc6 {0-1 (38) Khmiadashvili,T (2177)-Chkhaidze,N (2115) Tbilisi 2002}) 10... Bf8 11. Nf1 g6 12. Ng3 Bg7 13. O-O Nd7 14. Rd1 Qe7 15. b4 a6 16. a4 (16. Bb3 $11 d4 17. Bxe6 Qxe6 18. Bb2) 16... d4 17. cxd4 exd4 18. Bb2 Qxb4 19. Rdb1 {[%emt 0:00:30] [#]} Qa5 ({Better is} 19... b5 $1 $17 20. Bc1 Qc5) 20. Ba3 b5 21. Bc1 b4 22. Nd2 Qc5 23. Nb3 Bxb3 (23... Na5 $2 ) (23... Qd6 $17 24. Qd1 Ne7) 24. Bxb3 Na5 25. Bd1 Qe7 26. f4 c5 27. Bd2 Rab8 28. Qf1 {[%emt 0:05:00] [#]} (28. Qe1 $17) 28... Rb6 $2 (28... c4 $1 $19 29. dxc4 {[#]} d3 $1 ) 29. Bf3 {[%emt 0:02:30] [#]} f6 ({Better is} 29... c4 $1 $17 30. dxc4 {[#]} d3 $1 ) 30. h4 Kh8 31. Be2 $2 (31. h5 $11 {and White has nothing to worry.} g5 32. Bg4) 31... Nb7 32. f5 g5 33. hxg5 fxg5 34. Re1 (34. a5 $17 Rb5 35. Bd1) 34... Ne5 35. Nh5 {[%emt 0:01:58] [#]} (35. a5 $17 {is a better defense.} Rb5 36. Nh5) 35... Bf6 (35... a5 $1 $19 36. Nxg7 Qxg7) 36. g4 (36. Nxf6 $17 Qxf6 37. a5) 36... a5 37. Qh3 Nd8 ({Better is} 37... Kg8 $19 38. Bf1 Rd8 39. Nxf6+ Qxf6) 38. Kf2 (38. Bc1 $17) 38... Ndf7 39. Rh1 Rc8 40. Rhc1 Rd6 41. Ra2 Rdd8 42. Bd1 c4 43. dxc4 Rc5 ({Weaker is} 43... Rxc4 44. Bb3 $19) 44. Be2 d3 45. Bf1 Rxc4 46. Rxc4 Nxc4 47. Bxd3 b3 48. Bxg5 Bxg5 49. Re2 $19 Nce5 50. Bb5 Qc5+ 51. Kg2 Qc2 52. Ng3 Rd2 53. f6 Rxe2+ 0-1

[Event "25th Troya Open 2017"]
[Site "Canakkale"]
[Date "2017.08.11"]
[Round "8.8"]
[White "Inan, Canberk"]
[Black "Tarlabasi, Emirhan"]
[Result "0-1"]
[ECO "C02"]
[WhiteElo "1777"]
[BlackElo "2036"]
[Annotator "NA RC"]
[PlyCount "62"]
[EventCountry "TUR"]
[SourceTitle "playchess.com"]
[Source "ChessBase"]
[SourceQuality "1"]
[TimeControl "5400+30"]

1. e4 e6 2. d4 d5 3. Bd3 c5 4. c3 Nc6 5. Nf3 Nf6 6. e5 Nd7 7. O-O Be7 8. a3 b6 {[%emt 0:04:30] C02: French: Advance Variation} (8... a5 9. a4 O-O 10. Na3 cxd4 11. cxd4 Nb4 12. Bb1 b6 13. Nb5 Ba6 14. Re1 Re8 15. Ra3 Nf8 16. Rc3 {1-0 (69) Idani,P (2576)-Mosadeghpour,M (2444) Teheran 2017}) 9. b4 h6 10. Be3 $146 ({Predecessor:} 10. h3 Qc7 11. Be3 Bb7 12. Nbd2 O-O 13. Rc1 f6 14. exf6 Rxf6 {½-½ (59) Guerin,F (2130)-Cozette,M (1981) Paris 2010}) 10... c4 11. Bc2 Qc7 {[%emt 0:01:30] [#]} (11... b5 $14) 12. Nfd2 ({White should try} 12. a4 $1 $16) 12... g6 13. f4 (13. a4 $16) 13... h5 14. Nxc4 $2 (14. a4 $16 {keeps the pressure on.}) 14... dxc4 15. d5 exd5 16. Qxd5 Ndxe5 17. fxe5 Be6 18. Qf3 O-O-O 19. b5 $2 (19. Ba4 $17 Nxe5 20. Qa8+ Qb8 21. Qxb8+ Kxb8 22. Bf4) 19... Nxe5 20. Qa8+ {[%emt 0:00:30] [#]} Qb8 (20... Kd7 $1 $19 21. Qe4 f5 22. Rd1+ Ke8 23. Rxd8+ Bxd8) 21. Qxb8+ Kxb8 22. Bf4 (22. Nd2 $17) 22... Bc5+ 23. Kh1 {[%emt 0:00:00] [#]} Bd6 $1 24. Bg5 Rd7 25. Nd2 Nd3 26. Bf6 Re8 $19 27. Rad1 Bc5 28. Ne4 Bg4 29. Nxc5 bxc5 30. Rb1 Be2 31. Bxd3 cxd3 0-1

[Event "25th Troya Open 2017"]
[Site "Canakkale"]
[Date "2017.08.11"]
[Round "8.9"]
[White "Sar, Can"]
[Black "Vursan, Emre Can"]
[Result "1-0"]
[ECO "B01"]
[WhiteElo "1619"]
[BlackElo "1696"]
[Annotator "NA RC"]
[PlyCount "233"]
[EventCountry "TUR"]
[SourceTitle "playchess.com"]
[Source "ChessBase"]
[SourceQuality "1"]
[TimeControl "5400+30"]

1. e4 d5 2. exd5 Qxd5 3. Nc3 Qa5 4. d4 Nf6 5. Nf3 Bg4 6. Bc4 Nc6 7. Be3 e6 8. h3 Bb4 9. hxg4 Bxc3+ 10. bxc3 Qxc3+ 11. Nd2 Nxg4 12. Bd3 Nxd4 13. Bxd4 Qxd4 14. O-O h5 15. Qf3 Rd8 16. Ne4 Ne5 17. Qg3 h4 18. Qh3 Nxd3 19. cxd3 Qxd3 20. f3 f5 21. Nf2 Qa3 22. Rfe1 Kf7 23. Re2 Rh6 24. Rc2 c6 25. Rb1 Rd7 26. Qh2 Qe3 27. Qh3 c5 28. Kh1 b6 29. Rf1 Rd2 30. Ng4 fxg4 31. fxg4+ Rf6 32. Rxf6+ gxf6 33. Qxe3 Rxc2 34. Qb3 Rd2 35. Kh2 Rd4 36. Qf3 Kg6 37. Qe2 e5 38. Qc2+ e4 39. Kh3 f5 40. gxf5+ Kxf5 41. Kxh4 Kf4 42. Qf2+ Ke5 43. Kg5 Rd3 44. Qb2+ Rd4 45. Kg4 Kd5 46. Kf4 Ke6 47. g4 e3+ 48. Kxe3 Rxg4 49. Qh2 Rd4 50. Qg2 Rd7 51. Qc6+ Ke7 52. Ke4 Rd6 53. Qc7+ Rd7 54. Qe5+ Kd8 55. Kf5 Rf7+ 56. Kg6 Rc7 57. Kf6 Kc8 58. Qd5 Kb8 59. Qc4 Kb7 60. Ke5 Rc6 61. a4 a5 62. Kd5 Rc7 63. Qe4 Ka7 64. Kd6 Kb8 65. Qe8+ Rc8 66. Qe5 Kb7 67. Qd5+ Kb8 68. Kd7 Rc7+ 69. Kd8 Rc8+ 70. Kd7 Rc7+ 71. Kd6 Rc8 72. Qc4 Kb7 73. Ke5 Rc6 74. Ke4 Rc7 75. Kd3 Rd7+ 76. Kc2 Rd4 77. Qf7+ Kb8 78. Kc3 Rb4 79. Qd7 Rd4 80. Qb5 Kb7 81. Qe8 Rb4 82. Qd7+ Kb8 83. Qc6 Ka7 84. Qc7+ Ka8 85. Kd3 Rd4+ 86. Kc3 Rb4 87. Kd3 Rd4+ 88. Ke3 Rb4 89. Kf3 c4 90. Ke4 c3+ 91. Kd5 c2 92. Qxc2 Kb7 93. Qc6+ Kb8 94. Qd7 Rb1 95. Kc6 Rc1+ 96. Kb5 Rc7 97. Qd6 Ka8 98. Kxb6 Rb7+ 99. Kxa5 Ra7+ 100. Kb4 Rb7+ 101. Ka3 Rc7 102. a5 Ra7 103. a6 Rh7 104. Ka4 Ka7 105. Qc6 Rh4+ 106. Kb3 Rh3+ 107. Kc2 Rh2+ 108. Kd3 Rh3+ 109. Ke2 Rh2+ 110. Kf3 Rh7 111. Kg4 Kb8 112. Kg5 Rg7+ 113. Kh6 Rc7 114. Qd6 Kc8 115. Qb6 Rd7 116. Qc6+ Kd8 117. Qxd7+ 1-0

[Event "25th Troya Open 2017"]
[Site "Canakkale"]
[Date "2017.08.11"]
[Round "8.10"]
[White "Ozkurt, Kutay"]
[Black "Sozen, Abdullah"]
[Result "1-0"]
[ECO "C22"]
[WhiteElo "1686"]
[BlackElo "1629"]
[Annotator "NA RC"]
[PlyCount "185"]
[EventCountry "TUR"]
[SourceTitle "playchess.com"]
[Source "ChessBase"]
[SourceQuality "1"]
[TimeControl "5400+30"]

1. e4 e5 2. d4 exd4 3. Qxd4 Nc6 4. Qe3 Nf6 5. Nc3 Bb4 6. Bd2 O-O 7. O-O-O d6 8. f3 Bc5 9. Qg5 Nd4 10. Nge2 Ne6 11. Qg3 Nh5 12. Qe1 Qf6 13. Nd5 Qd8 14. g4 Nf6 15. Ndf4 Qe8 16. Nc3 a6 17. h4 c6 18. h5 b5 19. Nxe6 Bxe6 20. g5 Nd7 21. Kb1 a5 22. f4 Bg4 23. Be2 Bxe2 24. Qxe2 a4 25. Rde1 b4 26. Nd1 b3 27. a3 bxc2+ 28. Kxc2 Qe6 29. Bc3 Qb3+ 30. Kc1 Rab8 31. Qc2 Qa2 32. f5 Ba7 33. f6 Nc5 34. Kd2 Qc4 35. Ne3 Nxe4+ 36. Kc1 Bxe3+ 37. Rxe3 Nxc3 38. Qxc3 Qf4 39. Qd2 Qxg5 40. fxg7 Qxg7 41. h6 Qf6 42. Qg2+ Kh8 43. Rc3 c5 44. Rf3 Qe5 45. Qf2 f5 46. Rf1 c4 47. Qc2 d5 48. Rxf5 Rxf5 49. Rxf5 Qe1+ 50. Qd1 Qxd1+ 51. Kxd1 Rd8 52. Rf7 Kg8 53. Ra7 Rd6 54. Rxa4 Rxh6 55. Ra7 Rd6 56. Kc2 h5 57. Re7 h4 58. Re1 h3 59. Rh1 Rh6 60. Kc3 Kf7 61. Kd4 Ke6 62. Kc5 Rh5 63. a4 Kd7 64. Kb6 Kc8 65. a5 d4 66. a6 Kb8 67. Rf1 Rh6+ 68. Kb5 h2 69. Rf8+ Kc7 70. a7 Rb6+ 71. Kc5 Rc6+ 72. Kb5 Rb6+ 73. Kc5 h1=Q 74. Rf7+ Kc8 75. Kxb6 Qh6+ 76. Kb5 Qh5+ 77. Kb4 Qxf7 78. a8=Q+ Kd7 79. Qb7+ Ke6 80. Qxf7+ Kxf7 81. Kxc4 d3 82. Kxd3 Ke6 83. Ke4 Kd6 84. Kd4 Kc6 85. Kc4 Kb6 86. Kb4 Kc6 87. Ka5 Kb7 88. Kb5 Ka7 89. Kc6 Ka6 90. b4 Ka7 91. b5 Ka8 92. b6 Kb8 93. b7 1-0

[Event "25th Troya Open 2017"]
[Site "Canakkale"]
[Date "2017.08.11"]
[Round "8.11"]
[White "Yildiz, Serkan"]
[Black "Algunerhan, Siar"]
[Result "0-1"]
[ECO "D32"]
[WhiteElo "1770"]
[BlackElo "1742"]
[Annotator "NA"]
[PlyCount "54"]
[EventCountry "TUR"]
[SourceTitle "playchess.com"]
[Source "ChessBase"]
[SourceQuality "1"]
[TimeControl "5400+30"]

1. c4 Nf6 2. Nc3 e6 3. Nf3 d5 4. e3 c5 5. d4 Nc6 6. cxd5 exd5 7. Bb5 cxd4 8. Nxd4 Bd7 9. O-O Bd6 10. Re1 O-O 11. e4 Ng4 12. Nf3 Bc5 13. Re2 Qb6 14. exd5 Nxf2 15. Qf1 Ne4+ 16. Kh1 Nxc3 17. bxc3 Qxb5 18. dxc6 Bxc6 19. Ne5 Rae8 20. c4 Qb6 21. Bf4 f6 22. Rb1 fxe5 23. Rxb6 axb6 24. h3 Rxf4 25. Qe1 Ref8 26. Kh2 e4 27. Qg3 Bd6 0-1

[Event "25th Troya Open 2017"]
[Site "Canakkale"]
[Date "2017.08.11"]
[Round "8.12"]
[White "Kara, Gulce Nehir"]
[Black "Istekli, Erdem"]
[Result "1/2-1/2"]
[ECO "B38"]
[WhiteElo "1659"]
[BlackElo "1696"]
[Annotator "NA RC"]
[PlyCount "56"]
[EventCountry "TUR"]
[SourceTitle "playchess.com"]
[Source "ChessBase"]
[SourceQuality "1"]
[TimeControl "5400+30"]

1. e4 c5 2. Nf3 Nc6 3. d4 cxd4 4. Nxd4 g6 5. c4 Bg7 6. Be3 d6 7. Nc3 Nf6 8. Be2 O-O 9. O-O Bd7 10. Qd2 Nxd4 11. Bxd4 Bc6 12. f3 a5 13. b3 Nd7 14. Be3 Nc5 15. Rab1 Qb6 16. Rfc1 Rfc8 17. Kh1 Qd8 18. Nd5 Bxd5 19. exd5 h5 20. Re1 Qf8 21. Bf1 Rc7 22. Bf2 Bf6 23. Bd4 Qg7 24. Bxf6 Qxf6 25. Re3 Kf8 26. Rbe1 h4 27. R3e2 Kg7 28. Re3 b6 1/2-1/2